 Dungeon Crawl Stone Soup version 0.24.1 (webtiles) character file.

Game seed: 6182756876512488737, levelgen mode: deterministic

19 lepoulpe303 the Sneak (level 2, 0/13 HPs)
             Began as a Spriggan Enchanter on Mar 31, 2020.
             Slain by a giant cockroach (2 damage)
             ... on level 1 of the Dungeon.
             The game lasted 00:06:01 (892 turns).

lepoulpe303 the Sneak (Spriggan Enchanter)           Turns: 892, Time: 00:06:01

Health: 0/13       AC:  2    Str:  4    XL:     2   Next: 55%
Magic:  1/6        EV: 18    Int: 16    God:
Gold:   0          SH:  0    Dex: 16    Spells: 3/6 levels left

rFire    . . .     SeeInvis +   a - +1 dagger
rCold    . . .     Gourm    .   (shield restricted)
rNeg     . . .     Faith    .   b - +0 robe
rPois    .         Spirit   .   (helmet restricted)
rElec    .         Reflect  .   (no cloak)
rCorr    .         Harm     .   (gloves unavailable)
MR       .....                  (boots unavailable)
Stlth    +++.......             (no amulet)
HPRegen  0.04/turn              (no ring)
MPRegen  0.10/turn              (no ring)

@: very quick
A: very small, unfitting armour, see invisible, herbivore, speed 3, slow
metabolism 2
a: no special abilities


You were on level 1 of the Dungeon.
You were not hungry.

You visited 1 branch of the dungeon, and saw 1 of its levels.

Inventory:

Hand Weapons
 a - a +1 dagger (weapon)
Armour
 b - a +0 robe (worn)
Jewellery
 d - a +4 ring of strength {unknown}
 f - a +6 ring of dexterity {unknown}
Scrolls
 c - a scroll of identify {unknown}
 g - a scroll of enchant armour {unknown}
Comestibles
 e - a ration


   Skills:
 + Level 2.1 Short Blades
 - Level 3.0 Dodging
 + Level 5.2 Stealth
 - Level 2.6 Spellcasting
 - Level 3.6 Hexes


You had 3 spell levels left.
You knew the following spells:

 Your Spells              Type           Power        Failure   Level  Hunger
a - Ensorcelled Hibernat  Hex/Ice        #.....       14%         2    ##.....
v - Corona                Hex            ##.....      4%          1    #......

Your spell library contained the following spells:

 Spells                   Type           Power        Failure   Level  Hunger
 Confuse                  Hex            ##......     13%         3    ###....
 Tukima's Dance           Hex            ##......     13%         3    ###....
 Dazzling Spray           Conj/Hex       #.....       28%         3    ###....


Dungeon Overview and Level Annotations

Branches:
Dungeon (1/15)

Altars:


Innate Abilities, Weirdness & Mutations

You are very small and have problems with some larger weapons.
You are too small for most types of armour.
You have supernaturally acute eyesight. (SInv)
You are a herbivore.
You cover ground extremely quickly.
You need to consume almost no food.


Message History

Aim: a jackal (heavily wounded, chance to defeat MR: 56%)
The jackal looks drowsy...
* * * LOW MAGIC WARNING * * *
You now have 0/6 mp.
The helpless jackal fails to defend itself.
You impale the jackal!!
You kill the jackal!
The giant cockroach closely misses you.
You hit the giant cockroach but do no damage.
The giant cockroach completely misses you.
You closely miss the giant cockroach. The giant cockroach closely misses you.
You barely miss the giant cockroach. The giant cockroach closely misses you.
You hit the giant cockroach but do no damage.
The giant cockroach completely misses you.
You closely miss the giant cockroach.
The giant cockroach bites you but does no damage.
You hit the giant cockroach.
The giant cockroach waves its antennae.
The giant cockroach bites you.
You die...

#....#####..............##
#..K..K?...K......(.....###
#....######)......(....!...
### ####%............
#.........#....
########.........##..#
#.....K.....(.......#.
...##≈≈≈#sh.##.#....####. ##
#......#....@#...............
.#
......≈.....≈............##.
.#
...?..≈..⌠..≈...............
.# .§...#.....#..........#.##.
.#
####§≈§###≈≈≈###.........#....
.#
#§#.§...#..(...#....######.##.
.# #.≈..⌠..≈......#....##
#..!.. ##
#.≈..<..≈......##....## #s###.
#
#.#.....#......#......###h##..


You could see a jackal, a giant cockroach and a kobold.

Levels and vault maps discovered:
D:1:      dpeg_arrival_rooms_with_view, layout_rooms

Notes
Turn   | Place    | Note
-------+----------+-------------------------------------------
     0 | D:1      | lepoulpe303 the Spriggan Enchanter began the quest for the
                  | Orb.
     0 | D:1      | Reached XP level 1. HP: 9/9 MP: 5/5
     8 | D:1      | Identified a +0 club
    12 | D:1      | Identified a +0 club
    62 | D:1      | Reached XP level 2. HP: 9/13 MP: 6/6
    66 | D:1      | Learned a level 2 spell: Ensorcelled Hibernation
    75 | D:1      | Identified a +0 club
   101 | D:1      | HP: 3/13 [jackal (3)]
   128 | D:1      | Identified a +0 club
   149 | D:1      | Reached skill level 5 in Stealth
   523 | D:1      | Reached skill level 2 in Short Blades
   798 | D:1      | HP: 3/13 [jackal (2)]
   842 | D:1      | Identified a +0 short sword
   879 | D:1      | HP: 2/13 [jackal (3)]
   892 | D:1      | Slain by a giant cockroach

Table legend:
 A = Turns spent in this place as a percentage of turns spent in the entire game.
 B = Non-inter-level travel turns spent in this place as a percentage of non-inter-level travel turns spent in the entire game.
 C = Inter-level travel turns spent in this place as a percentage of turns spent in this place.
 D = Turns resting spent in this place as a percentage of non-inter-level travel turns spent in this place.
 E = Turns spent auto-exploring this place as a percentage of non-inter-level travel turns spent in this place.
 F = Non-inter-level travel turns spent in this place divided by the number of levels of this place that you've seen.
                   A       B       C       D       E      F
               +-------+-------+-------+-------+-------+----------------------
         Total | 100.0 | 100.0 |   0.0 |  27.5 |   5.9 | 892.0
       Dungeon | 100.0 | 100.0 |   0.0 |  27.5 |   5.9 | 892.0
               +-------+-------+-------+-------+-------+----------------------

Table legend:
 A = Kills in this place as a percentage of kills in entire the game.
 B = Kills by you in this place as a percentage of kills by you in the entire game.
 C = Kills by friends in this place as a percentage of kills by friends in the entire game.
 D = Other kills in this place as a percentage of other kills in the entire game.
 E = Experience gained in this place as a percentage of experience gained in the entire game.
 F = Experience gained in this place divided by the number of levels of this place that you have seen.
                   A       B       C       D       E      F
               +-------+-------+-------+-------+-------+----------------------
         Total | 100.0 | 100.0 |   N/A |   N/A | 100.0 |  28.0
       Dungeon | 100.0 | 100.0 |   N/A |   N/A | 100.0 |  28.0
               +-------+-------+-------+-------+-------+----------------------

Skill      XL: |  1  2 |
---------------+-------+-----
Stealth        | 5 |  5.2
Short Blades   | 2 |  2.1
Dodging        | |  3.0
Spellcasting   | |  2.6
Hexes          | |  3.6

Action                   || total
-------------------------++-------
Melee: Dagger            ||   117
 Cast: Corona            ||     2
       Ensorcelled Hiber ||     4
 Stab: Sleeping          ||     3
Armor: Robe              ||    13
Dodge: Dodged            ||   123

Vanquished Creatures
  An ooze (D:1)
  A leopard gecko (D:1)
  A goblin (D:1)
  2 hobgoblins (D:1)
  4 jackals (D:1)
  A bat (D:1)
  A kobold (D:1)
  2 rats (D:1)
13 creatures vanquished.
